 Dungeon Crawl Stone Soup version 0.23.2-1-ga50397a6bc (webtiles) character file.

Game seed: 5359080428262786301

22728 Revguard the Cleaver (level 13, -4/78 HPs)
             Began as a Gargoyle Fighter on May 7, 2019.
             Was a High Priest of Okawaru.
             Slain by a five-headed hydra (5 damage)
             ... on level 13 of the Dungeon.
             The game lasted 00:49:50 (12352 turns).

Revguard the Cleaver (Gargoyle Fighter)            Turns: 12352, Time: 00:49:51

Health: -4/78      AC: 26    Str: 25    XL:     13   Next: 2%
Magic:  17/19      EV: 10    Int:  8    God:    Okawaru [*****.]
Gold:   507        SH:  0    Dex: 13    Spells: 12/12 levels left

rFire    . . .     SeeInvis .   N - +5 scythe "Finisher" {speed, eviscerate}
rCold    + . .     Gourm    .   (shield currently unavailable)
rNeg     + . .     Faith    .   z - +0 chain mail
rPois    ∞         Spirit   .   m - +0 helmet
rElec    +         Reflect  .   g - scarf {repulsion}
rCorr    +         Harm     .   a - +2 pair of gloves {Str+3}
MR       .....                  H - +0 pair of boots
Stlth    ..........             v - amulet of magic regeneration
HPRegen  0.23/turn              x - ring of protection from cold
MPRegen  0.41/turn              I - ring of resist corrosion

@: flying, invisible, repel missiles
A: big wings, claws 1, negative energy resistance 1, electricity resistance,
unbreathing, petrification resistance, rot immunity, MP-powered wands, AC +9
a: Stop Flying, Heroism, Finesse, Renounce Religion


You were on level 13 of the Dungeon.
You worshipped Okawaru.
Okawaru was extremely pleased with you.
You were not hungry.

You visited 2 branches of the dungeon, and saw 14 of its levels.
You also visited: Sewer.

You collected 722 gold pieces.
You spent 215 gold pieces at shops.

Inventory:

Hand Weapons
 M - a +3 hand axe of freezing
 N - the +5 scythe "Finisher" (weapon) {speed, eviscerate}
   (You found it on level 12 of the Dungeon)

   Attacks with this weapon are significantly faster.
Armour
 a - a +2 pair of gloves of strength (worn)
 c - a +2 shield
 g - a scarf of repulsion (worn)
 m - a +0 helmet (worn)
 z - a +0 chain mail (worn)
 H - a +0 pair of boots (worn)
Jewellery
 n - an uncursed ring of magical power
 v - an amulet of magic regeneration (around neck)
 x - a ring of protection from cold (left hand)
 I - a ring of resist corrosion (right hand)
Wands
 r - a wand of iceblast (1)
 s - a wand of paralysis (12)
 C - a wand of random effects (30)
 E - a wand of enslavement (2)
 F - a wand of flame (54)
Scrolls
 e - 2 scrolls of enchant armour
 j - 2 scrolls of fear
 k - 3 scrolls of magic mapping
 l - 3 scrolls of blinking
 u - 5 scrolls of remove curse
 y - 3 scrolls of identify
 A - 6 scrolls of teleportation
 D - a scroll of amnesia
 G - 2 scrolls of fog
 J - a scroll of torment
 K - a scroll of vulnerability
Potions
 b - a potion of magic
 d - 2 potions of might
 h - 4 potions of flight
 i - 6 potions of brilliance
 o - a potion of agility
 p - 2 potions of haste
 q - 9 potions of curing
Miscellaneous
 t - a box of beasts
 w - a lightning rod (4/4)
 O - a sack of spiders
Comestibles
 f - 21 rations


   Skills:
 + Level 8.0 Fighting
 - Level 10.6(11.0) Axes
 * Level 4.8(8.4) Polearms
 + Level 7.8 Armour
 + Level 3.1 Dodging
 - Level 9.8 Shields
 + Level 8.2 Invocations
 * Level 8.0 Evocations


You had 12 spell levels left.
You didn't know any spells.
Your spell library contained the following spells:

 Spells                   Type           Power        Failure   Level  Hunger
 Infusion                 Chrm           #...         94%         1    ##.....
 Magic Dart               Conj           #...         94%         1    ##.....
 Searing Ray              Conj           #.....       98%         2    ###....
 Shroud of Golubria       Chrm/Tloc      #.........   98%         2    ###....
 Song of Slaying          Chrm           #.......     98%         2    ###....
 Dazzling Spray           Conj/Hex       #.....       100%        3    ####...
 Regeneration             Chrm/Necr      #.........   100%        3    ####...
 Spectral Weapon          Hex/Chrm       #.......     100%        3    ####...
 Force Lance              Conj/Tloc      #.......     100%        4    #####..
 Fulminant Prism          Conj/Hex       #.........   100%        4    #####..
 Iskenderun's Mystic Bla  Conj           #.......     100%        4    #####..


Dungeon Overview and Level Annotations

Branches:
Dungeon (13/15)            Temple (1/1) D:7            Lair (0/6) D:9
    Orc (0/2) D:10
 Vaults: D:13-14

Altars:
Ashenzari
Cheibriados
Dithmenos
Elyvilon
Fedhas
Gozag
Hepliaklqana
Kikubaaqudgha
Makhleb
Nemelex Xobeh
Okawaru
Qazlal
Ru
Sif Muna
Trog
Uskayaw
Vehumet
Wu Jian
Xom
Yredelemnul
Zin
The Shining One
Beogh

Shops:
D:4 [   D:10 }   D:12 (


Innate Abilities, Weirdness & Mutations

You are resistant to torment.
Your stone body is resilient. (AC +9)
You are immune to poison.
You resist negative energy. (rN+)
You are resistant to electric shocks. (rElec)
You can survive without breathing.
You are immune to petrification.
You are immune to rotting.
Your large and strong wings let you fly indefinitely.
You have sharp fingernails.
You expend magic power (3 MP) to strengthen your wands.


Message History

You chop one of the four-headed hydra's heads off!
The three-headed hydra grows two more!
You slice the five-headed hydra!!
The five-headed hydra is moderately wounded.
The five-headed hydra bites you but does no damage.
The five-headed hydra misses you. The five-headed hydra bites you.
The five-headed hydra bites you but does no damage.
The five-headed hydra bites you.
The five-headed hydra barely misses you. x2
The five-headed hydra bites you!
* * * LOW HITPOINT WARNING * * *
The five-headed hydra bites you!
* * * LOW HITPOINT WARNING * * *
The five-headed hydra bites you!
* * * LOW HITPOINT WARNING * * *
You fade into invisibility!
The five-headed hydra barely misses you.
The five-headed hydra closely misses you.
The five-headed hydra bites you but does no damage. x2
The five-headed hydra bites you.
You die...

#....# ... #.....
^.######### #.....
.......... #.....
#......... #...)$
#....... #..... .....
##.....######.########..
...............D@.......
##.....#.#..#.########..
#######....#.#
#####......#
###........###
#...........####
##..............#
........(.......#
................#


You could see a five-headed hydra.

Vanquished Creatures
  Snorg (D:13)
  7 two-headed ogres
  An unseen horror (D:10)
  3 ugly things
  A manticore (D:10)
  Psyche (D:8)
  2 gargoyles
  3 trolls
  4 hornets
  Grinder (D:5)
  8 slime creatures (D:12)
  Prince Ribbit (D:6)
  4 hippogriffs
  3 wraiths (D:12)
  9 yaks (D:9)
  3 basilisks
  4 vampire mosquitoes (D:12)
  A soldier ant (D:8)
  An acid dragon (D:13)
  Edmund (D:5)
  2 porcupines (D:9)
  A sky beast (D:6)
  A necrophage (D:8)
  2 orc warriors
  A phantom (D:6)
  3 ice beasts
  An eye of draining (D:13)
  14 centaurs
  5 ogres
  2 crocodiles
  5 big kobolds
  5 bullfrogs
  A gnoll sergeant (D:10)
  A wyvern skeleton (D:11)
  2 scorpions
  12 killer bees
  8 wights
  8 howler monkeys
  3 crimson imps
  2 centaur zombies
  4 centaur skeletons
  11 orc wizards
  A gnoll shaman (D:7)
  6 orc priests
  4 hounds
  A jelly (D:6)
  10 worker ants
  6 iguanas
  3 killer bee zombies
  2 hound zombies
  4 hound skeletons
  2 worker ant zombies
  13 gnolls
  20 adders
  6 river rats
  2 shadow imps
  3 oozes
  4 worms
  2 dart slugs
  7 leopard geckos
  47 orcs
  6 ball pythons
  14 bats
  3 giant cockroaches (D:2)
  8 goblins
  5 hobgoblins
  26 jackals
  4 quokkas
  5 frilled lizards
  A jackal skeleton (D:8)
  40 kobolds
  2 leopard gecko skeletons
  A quokka zombie (D:4)
  26 rats
  A bush (D:6)
  6 fungi (D:5)
  3 plants
447 creatures vanquished.

Vanquished Creatures (collateral kills)
  An orc warrior (D:6)
  An orc wizard (D:6)
  3 plants (D:6)
5 creatures vanquished.

Vanquished Creatures (others)
  8 plants
8 creatures vanquished.

Grand Total: 460 creatures vanquished

Notes
Turn   | Place    | Note
-------+----------+-------------------------------------------
     0 | D:1      | Revguard the Gargoyle Fighter began the quest for the Orb.
     0 | D:1      | Reached XP level 1. HP: 14/14 MP: 1/1
   277 | D:1      | Reached skill level 2 in Axes
   290 | D:1      | Reached XP level 2. HP: 19/19 MP: 2/2
   385 | D:1      | Reached XP level 3. HP: 23/23 MP: 3/3
   957 | D:2      | Reached XP level 4. HP: 28/28 MP: 4/4
  1400 | D:3      | Reached skill level 3 in Axes
  1439 | D:3      | Reached XP level 5. HP: 32/32 MP: 5/5
  1597 | D:3      | Gained mutation: You are frail. (-10% HP) [potion of
                  | mutation]
  1597 | D:3      | Gained mutation: Your natural rate of healing is unusually
                  | fast. [potion of mutation]
  1619 | D:3      | Found an iron altar of Okawaru.
  1623 | D:3      | Became a worshipper of Warmaster Okawaru
  1715 | D:3      | Reached skill level 1 in Dodging
  1937 | D:3      | Found a hazy altar of Hepliaklqana.
  2061 | D:4      | Reached XP level 6. HP: 33/34 MP: 6/6
  2207 | D:4      | Found Lyw Noa's Armour Shop.
  2324 | D:4      | Reached skill level 5 in Shields
  2330 | D:4      | Reached skill level 1 in Invocations
  2401 | D:4      | Lost mutation: You are frail. (-10% HP) [potion of
                  | mutation]
  2401 | D:4      | Lost mutation: Your natural rate of healing is unusually
                  | fast. [potion of mutation]
  2401 | D:4      | Gained mutation: Armour fits poorly on your strangely
                  | shaped body. [potion of mutation]
  2401 | D:4      | Gained mutation: You are partially covered in rugged brown
                  | scales. (AC +1, +3% HP) [potion of mutation]
  2451 | D:4      | Reached skill level 1 in Evocations
  2452 | D:4      | Reached * piety under Okawaru
  2452 | D:4      | Reached skill level 4 in Axes
  2487 | D:4      | Reached XP level 7. HP: 37/43 MP: 8/8
  2606 | D:5      | Entered Level 5 of the Dungeon
  2606 | D:5      | Noticed Grinder
  2609 | D:5      | Paralysed by Grinder for 4 turns
  2615 | D:5      | Paralysed by Grinder for 6 turns
  2623 | D:5      | Paralysed by Grinder for 3 turns
  2650 | D:5      | Killed Grinder
  2726 | D:5      | Found a glowing drain.
  2759 | Sewer    | Entered a sewer
  2953 | Sewer    | Reached XP level 8. HP: 38/49 MP: 9/9
  2969 | Sewer    | Reached skill level 5 in Axes
  3347 | D:5      | Noticed Edmund
  3368 | D:5      | Killed Edmund
  3443 | D:5      | Reached ** piety under Okawaru
  3618 | D:5      | Found a blossoming altar of Fedhas.
  3847 | D:6      | Noticed Prince Ribbit
  4077 | D:6      | Reached skill level 6 in Axes
  4246 | D:6      | Found a sparkling altar of Nemelex Xobeh.
  4247 | D:6      | Found an ornate altar of the Wu Jian Council.
  4247 | D:6      | Found a deep blue altar of Sif Muna.
  4311 | D:6      | Reached XP level 9. HP: 47/53 MP: 12/12
  4594 | D:6      | Reached skill level 5 in Fighting
  4623 | D:6      | Killed Prince Ribbit
  4623 | D:6      | Reached *** piety under Okawaru
  5292 | D:7      | Found a staircase to the Ecumenical Temple.
  5303 | D:7      | Reached skill level 5 in Invocations
  5331 | Temple   | Entered the Ecumenical Temple
  5613 | D:7      | Reached skill level 7 in Axes
  5758 | D:7      | Found a white marble altar of Elyvilon.
  5837 | D:7      | Reached skill level 5 in Armour
  6094 | D:7      | Lost mutation: You are partially covered in rugged brown
                  | scales. (AC +1, +3% HP) [potion of mutation]
  6094 | D:7      | Lost mutation: Armour fits poorly on your strangely shaped
                  | body. [potion of mutation]
  6094 | D:7      | Gained mutation: Your spells are a little harder to cast,
                  | but a little more powerful. [potion of mutation]
  6094 | D:7      | Gained mutation: You can translocate small distances at
                  | will. [potion of mutation]
  6304 | D:4      | Bought a +2 pair of gloves of strength for 215 gold pieces
  6539 | D:8      | Noticed Psyche
  6547 | D:8      | Paralysed by Psyche for 7 turns
  6557 | D:8      | Killed Psyche
  6557 | D:8      | Reached **** piety under Okawaru
  6557 | D:8      | Reached XP level 10. HP: 38/60 MP: 14/14
  7269 | D:8      | Reached skill level 8 in Axes
  7280 | D:8      | Reached skill level 5 in Evocations
  7505 | D:9      | Noticed a two-headed ogre
  7537 | D:9      | Reached ***** piety under Okawaru
  7582 | D:9      | Killed a two-headed ogre
  7592 | D:9      | Found a staircase to the Lair.
  7616 | D:9      | Reached XP level 11. HP: 24/65 MP: 14/16
  7887 | D:9      | Reached skill level 9 in Axes
  8190 | D:9      | Found a stormy altar of Qazlal.
  8286 | D:9      | Lost mutation: You can translocate small distances at will.
                  | [potion of mutation]
  8286 | D:9      | Lost mutation: Your spells are a little harder to cast, but
                  | a little more powerful. [potion of mutation]
  8286 | D:9      | Gained mutation: Your large and strong wings let you fly
                  | indefinitely. [potion of mutation]
  8286 | D:9      | Gained mutation: You expend magic power (3 MP) to
                  | strengthen your wands. [potion of mutation]
  8286 | D:9      | Gained mutation: You have sharp fingernails. [potion of
                  | mutation]
  8332 | D:10     | Entered Level 10 of the Dungeon
  8332 | D:10     | Found a staircase to the Orcish Mines.
  8372 | D:10     | Found a roughly hewn altar of Beogh.
  8436 | D:10     | Noticed a two-headed ogre
  8452 | D:10     | Killed a two-headed ogre
  8595 | D:10     | Reached ****** piety under Okawaru
  8608 | D:10     | Received a gift from Okawaru
  8661 | D:10     | Noticed a two-headed ogre
  8673 | D:10     | Killed a two-headed ogre
  8900 | D:10     | Noticed a two-headed ogre
  8912 | D:10     | Killed a two-headed ogre
  9018 | D:10     | Found Ejideadgh's Gadget Shoppe.
  9066 | D:10     | Killed an unseen horror
  9166 | D:10     | Noticed a manticore
  9185 | D:10     | Killed a manticore
  9185 | D:10     | Received a gift from Okawaru
  9302 | D:10     | Reached skill level 10 in Axes
  9398 | D:11     | Noticed a brown ugly thing
  9414 | D:11     | Killed a brown ugly thing
  9414 | D:11     | Reached XP level 12. HP: 72/72 MP: 17/17
 10464 | D:12     | Received a gift from Okawaru
 10661 | D:12     | Found the +5 scythe "Finisher" {speed, eviscerate}
 11020 | D:12     | Reached skill level 1 in Polearms
 11648 | D:12     | Noticed a two-headed ogre
 11656 | D:12     | Killed a two-headed ogre
 11913 | D:12     | Found Ariala's Antique Weapon Boutique.
 11991 | D:12     | Noticed a two-headed ogre
 11996 | D:12     | Killed a two-headed ogre
 12153 | D:13     | Noticed a two-headed ogre
 12161 | D:13     | Killed a two-headed ogre
 12335 | D:13     | Noticed Snorg
 12336 | D:13     | Noticed a four-headed hydra
 12349 | D:13     | Killed Snorg
 12349 | D:13     | Reached XP level 13. HP: 37/78 MP: 19/19
 12351 | D:13     | HP: 1/78 [five-headed hydra (8)]
 12352 | D:13     | Slain by a five-headed hydra

Skill      XL: |  1  2  3  4  5  6  7  8  9 10 11 12 |
---------------+-------------------------------------+-----
Axes           | 2 3 4 6 7 8 10 | 10.6
Shields        | 4 5 6 7 9 |  9.8
Dodging        | 1 2 3 |  3.1
Invocations    | 1 2 4 5 6 7 8 |  8.2
Evocations     | 1 2 3 4 5 6 8 |  8.0
Armour         | 4 5 6 7 |  7.8
Fighting       | 4 5 6 7 8 |  8.0
Polearms       | 4 |  4.8

Action                   |  1- 3 |  4- 6 |  7- 9 | 10-12 | 13-15 || total
-------------------------+-------+-------+-------+-------+-------++-------
Melee: War axe           |   173 |   278 |   529 |       |       ||   980
       Hand axe          |       |       |    54 |   719 |       ||   773
       Scythe            |       |       |       |   116 |     1 ||   117
Invok: Heroism           |       |       |     2 |     3 |       ||     5
       Finesse           |       |       |       |     3 |       ||     3
 Abil: Fly               |       |       |       |     1 |       ||     1
Evoke: Wand              |       |       |    11 |     5 |     1 ||    17
       Lightning rod     |       |       |       |     1 |       ||     1
  Use: Scroll            |     2 |     1 |     9 |     6 |       ||    18
       Potion            |       |     5 |     4 |     8 |     1 ||    18
  Eat: Chunk             |       |     6 |    15 |    16 |       ||    37
       Ration            |       |       |       |     1 |       ||     1
Armor: Scale mail        |   119 |   160 |       |       |       ||   279
       Chain mail        |       |    24 |   319 |   419 |     6 ||   768
Dodge: Dodged            |    61 |   128 |   146 |   247 |     7 ||   589
       Deflected         |       |     1 |     6 |     9 |       ||    16
Block: Shield            |   100 |   223 |   348 |   478 |       ||  1149
